AoeStats
← Juancho

Black Forest

509807487Analyzed
3v3 RM · 5d ago on Sep 28, 2026· 54m 37s· 6 players
Game mode
Random Map
Map size
Normal (6 player)
Population
200
Speed
Normal
Resources
Standard
Victory
Conquest
Starting age
Dark Age
Ending age
Imperial Age
RankedLock teamsTeams togetherTeam positionsShared explorationLock speedFull tech treeHidden civsTurbo modeCheats
Victory
Defeat
🇻🇪 Teutons · Venezuela
1017
+11
🇻🇪 Shu · Venezuela
974
+13
🇺🇸 Celts · United States
922
+15
🇨🇦 Turks · Canada
924
-14
🇲🇾 Danes · Malaysia
900
-13
🇨🇴 Japanese · Colombia
887
-12
iachen
2:05 Loom
11:34 Feudal Age
17:47 Castle Age
15:56 Double-Bit Axe
16:24 Horse Collar
17:43 Stone Mining
17:45 Gold Mining
21:19 Bow Saw
24:50 Heavy Plow
27:34 Gold Shaft Mining
38:04 Imperial Age
37:54 Padded Archer Armor
38:01 Scale Barding Armor
38:07 Forging
38:57 Artillery
39:20 Conscription
39:14 Artillery
38:54 Elite Janissary
49:26 Bloodlines
49:19 Husbandry
49:39 Leather Archer Armor
50:00 Iron Casting
49:46 Chain Barding Armor
52:44 Blast Furnace
Juancho
0:29 Loom
13:05 Feudal Age
13:26 Horse Collar
13:32 Double-Bit Axe
13:51 Gold Mining
21:11 Castle Age
19:22 Stone Mining
25:03 Wheelbarrow
Glor. Jie
0:31 Loom
16:14 Feudal Age
17:41 Wheelbarrow
16:56 Double-Bit Axe
21:39 Town Watch
24:27 Castle Age
24:15 Horse Collar
24:31 Stone Mining
24:32 Gold Mining
25:36 Hand Cart
25:35 Bow Saw
26:47 Heavy Plow
32:59 Gambesons
33:01 Arson
36:09 Imperial Age
35:07 Town Patrol
35:34 Squires
34:58 Hamask
36:42 Caravan
37:38 Conscription
37:54 Hoardings
38:17 Masonry
38:11 Murder Holes
38:37 Ballistics
39:19 Chemistry
40:02 Elite Jomsviking
41:54 Scale Mail Armor
42:04 Forging
46:04 Chain Mail Armor
46:25 Iron Casting
50:17 Plate Mail Armor
50:47 Blast Furnace
NexTz
0:25 Loom
11:46 Feudal Age
16:17 Castle Age
14:11 Stone Mining
16:07 Double-Bit Axe
16:05 Horse Collar
16:42 Gold Mining
25:56 Gambesons
26:12 Squires
26:28 Bow Saw
27:11 Gold Shaft Mining
28:10 Wheelbarrow
28:26 Town Watch
32:46 Imperial Age
31:24 Heavy Plow
31:49 Scale Mail Armor
31:59 Forging
32:57 Fletching
33:07 Padded Archer Armor
33:23 Chain Mail Armor
32:33 Crossbowman
33:56 Conscription
33:28 Arbalester
34:50 Thumb Ring
35:30 Bodkin Arrow
35:50 Leather Archer Armor
36:32 Treadmill Crane
37:54 Chemistry
37:49 Ballistics
37:42 Bracer
38:25 Bolt Magazine
40:53 Ring Archer Armor
42:00 Plate Mail Armor
42:52 Two-Man Saw
42:21 Siege Engineers
47:19 Coiled Serpent Array
48:39 Guilds
47:55 Elite White Feather Guard
50:07 Capped Ram
53:35 Siege Ram
Chavetox
0:29 Loom
12:31 Feudal Age
20:46 Castle Age
18:44 Double-Bit Axe
18:41 Horse Collar
22:29 Bloodlines
27:47 Heavy Plow
36:37 Imperial Age
35:55 Wheelbarrow
35:08 Town Watch
35:37 Forging
35:28 Scale Mail Armor
35:22 Elite Skirmisher
37:38 Ballistics
38:18 Fletching
39:04 Iron Casting
39:13 Ironclad
40:12 Cavalier
41:59 Crenellations
42:44 Chemistry
42:35 Gold Mining
42:36 Stone Mining
42:18 Onager
44:14 Scale Barding Armor
45:09 Blast Furnace
48:23 Bombard Tower
47:54 Crossbowman
48:35 Bodkin Arrow
48:42 Padded Archer Armor
48:24 Paladin
50:20 Stone Shaft Mining
50:38 Chain Barding Armor
50:35 Chain Mail Armor
52:51 Squires
54:14 Plate Barding Armor
54:10 Plate Mail Armor
53:55 Leather Archer Armor
DecrepitoX
0:58 Loom
19:54 Feudal Age
24:18 Castle Age
26:45 Double-Bit Axe
33:36 Stone Mining
34:01 Bow Saw
33:58 Horse Collar
35:06 Wheelbarrow
36:21 Heavy Plow
38:03 Stronghold
41:29 Imperial Age
38:56 Gold Mining
39:12 Scale Mail Armor
40:50 Chain Mail Armor
40:46 Forging
41:32 Hand Cart
43:07 Gold Shaft Mining
43:13 Stone Shaft Mining
42:20 Capped Ram
42:22 Onager
44:33 Chemistry
45:01 Siege Onager
46:34 Conscription
46:25 Siege Ram
46:56 Heavy Scorpion
49:03 Plate Mail Armor
49:18 Iron Casting
49:15 Furor Celtica
50:18 Hoardings
51:04 Elite Woad Raider
53:51 Blast Furnace
52:53 Padded Archer Armor
52:43 Fletching
54:38 Arrowslits
54:50 Murder Holes
55:01 Siege Engineers
55:06 Masonry
Connection lost

Rejoining the realm…

Still unreachable

The connection could not be restored.

Session expired

The server has moved on; the page needs a fresh start.